cohdb
Replays
Latest Replays
All Replays
Popular Replays
Top Player Replays
Match Explorer
How It Works
Community
CoH3 Stats
Reddit
Sign in to upload your games and track your stats! →
Sign in with Steam
Match 43764629
Unlisted
Match 43764629
Overview
Messages
Build Orders
End
Kradschützen Motorcycle Team
Panzergrenadier Squad
Panzergrenadier Squad
Panzergrenadier Squad
Construct Light Support Kompanie
Fire Support Elements
Flakvierling Half-track
Panzerjäger Mechanized Group
Pak 38 Anti-tank Gun Team
Selects Panzerjäger Kommand Battlegroup
Selects Mine Fields
Selects Tank Busters
Selects Crew Shock Tactics
Selects Defensive Positions
2.5-tonne Medical Truck
Construct Panzerarmee Kommand
Construct Panzerarmee Kommand
Panzer III L Medium Tank
Nico-Nico-Nii~~
Nostalgi@
0
0
Comments
sign in to comment!
No comments posted yet!